TOP OF THE 1ST |
Rome Braves batting - Pitching for Tri-City Dust Devils : RHP Tony Black
|
Pitching: RHP Tony Black
|
|
Batting: RHB Chris Trites
|
0-0: Swinging Strike 0-1: Ball 1-1: Foul Ball, location: 2F 1-2: Strikes out swinging
|
Batting: RHB Costantino Dolfini
|
0-0: Ball 1-0: Called Strike 1-1: Foul Ball, location: 2F 1-2: Ball 2-2: Foul Ball, location: 2F 2-2: Foul Ball, location: 2F 2-2: Foul Ball, location: 2F 2-2: Strikes out swinging
|
Batting: LHB Ricardo Sandoval
|
0-0: Foul Ball, location: 2F 0-1: Ball 1-1: Swinging Strike 1-2: Foul Ball, location: 2F 1-2: Strikes out swinging
|
Top of the 1st over - 0 runs, 0 hits, 0 errors, 0 left on base; Rome 0 - Tri-City 0 |
BOTTOM OF THE 1ST |
Tri-City Dust Devils batting - Pitching for Rome Braves : RHP Gabe Fillmore
|
Pitching: RHP Gabe Fillmore
|
|
Batting: LHB Ramon Vega
|
0-0: Ball 1-0: Ground out 4-3 (Groundball, 4S, EV 75.6 MPH)
|
Batting: LHB Phil Lerner
|
0-0: Ball 1-0: Ball 2-0: Called Strike 2-1: Fly out, F8 (Flyball, 8RD, EV 86.9 MPH)
|
Batting: RHB Eric McMillian
|
0-0: Ground out U3 (Groundball, 23, EV 90.6 MPH)
|
Bottom of the 1st over - 0 runs, 0 hits, 0 errors, 0 left on base; Rome 0 - Tri-City 0 |
TOP OF THE 2ND |
Rome Braves batting - Pitching for Tri-City Dust Devils : RHP Tony Black
|
Batting: LHB Tamaichi Sasada
|
0-0: Ball 1-0: Ground out 4-3 (Groundball, 34D, EV 88.8 MPH)
|
Batting: SHB Karl Starnes
|
0-0: Foul Ball, location: 2F 0-1: Ball 1-1: Ball 2-1: Foul Ball, location: 2F 2-2: SOLO HOME RUN (Flyball, 78XD, EV 96.9 MPH), Distance : 389 ft
|
Batting: RHB Dave Pizarro
|
0-0: Called Strike 0-1: Ball 1-1: Foul Ball, location: 2F 1-2: Strikes out looking
|
Batting: RHB Tony Cabrera
|
0-0: Foul Ball, location: 2F 0-1: Called Strike 0-2: Strikes out looking
|
Top of the 2nd over - 1 run, 1 hit, 0 errors, 0 left on base; Rome 1 - Tri-City 0 |
BOTTOM OF THE 2ND |
Tri-City Dust Devils batting - Pitching for Rome Braves : RHP Gabe Fillmore
|
Batting: LHB Chad Cutler
|
0-0: Fly out, F8 (Flyball, 8LD, EV 98.1 MPH)
|
Batting: RHB Edgardo Rivera
|
0-0: Ball 1-0: Ground out 6-3 (Groundball, 6, EV 106.2 MPH)
|
Batting: SHB Isaiah Scates
|
0-0: SINGLE (Line Drive, 34, EV 93.8 MPH)
|
Batting: RHB Hector Fernandez
|
0-0: Foul Ball, location: 2F 0-1: Ball 1-1: Ball 2-1: TRIPLE (Line Drive, 89XD, EV 100.0 MPH) Isaiah Scates scores
|
Batting: RHB Max Stillo
|
0-0: Called Strike 0-1: 2-RUN HOME RUN (Flyball, 7D, EV 100.0 MPH), Distance : 357 ft
|
Batting: RHB Oren Jones
|
0-0: Called Strike 0-1: Foul Ball, location: 2F 0-2: Ball 1-2: Strikes out swinging
|
Bottom of the 2nd over - 3 runs, 3 hits, 0 errors, 0 left on base; Rome 1 - Tri-City 3 |
TOP OF THE 3RD |
Rome Braves batting - Pitching for Tri-City Dust Devils : RHP Tony Black
|
Pitching: RHP David Koski
|
|
Batting: RHB Tetsuro Sato
|
0-0: Swinging Strike 0-1: SINGLE (Line Drive, 8RS, EV 90.6 MPH)
|
Batting: RHB Mike Bergin
|
0-0: Foul Ball, location: 2F 0-1: Called Strike 0-2: Ball 1-2: Strikes out swinging
|
Batting: RHB Chris Trites
|
0-0: Ball 1-0: Ball 2-0: Swinging Strike 2-1: Ball 3-1: Foul Ball, location: 2F 3-2: Strikes out swinging
|
Batting: RHB Costantino Dolfini
|
0-0: Called Strike 0-1: Ball 1-1: Foul Ball, location: 2F 1-2: Ball 2-2: Strikes out looking
|
Top of the 3rd over - 0 runs, 1 hit, 0 errors, 1 left on base; Rome 1 - Tri-City 3 |
BOTTOM OF THE 3RD |
Tri-City Dust Devils batting - Pitching for Rome Braves : RHP Gabe Fillmore
|
Batting: LHB Ramon Vega
|
0-0: Ball 1-0: Ball 2-0: Ball 3-0: Called Strike 3-1: Base on Balls
|
Batting: LHB Phil Lerner
|
0-0: Ball 1-0: Ball 2-0: SINGLE (Groundball, 13, EV 89.4 MPH) (infield hit) Ramon Vega to second
|
Batting: RHB Eric McMillian
|
0-0: Ball 1-0: Ball 2-0: Ball 3-0: Called Strike 3-1: Foul Ball, location: 2F 3-2: Base on Balls Ramon Vega to third Phil Lerner to second
|
Batting: LHB Chad Cutler
|
0-0: Foul Ball, location: 2F 0-1: Ball 1-1: Foul Ball, location: 2F 1-2: Ball 2-2: Foul Ball, location: 2F 2-2: Foul Ball, location: 2F 2-2: Fly out, F8 (Flyball, 8RM, EV 90.6 MPH) Runner from 3rd tags up, SCORES, throw by CF
|
Batting: RHB Edgardo Rivera
|
0-0: Ball 1-0: SINGLE (Groundball, 6MD, EV 94.4 MPH) Phil Lerner to third Eric McMillian to second Runner from 3rd tries for Home, SAFE, throw by CF to home
|
Batting: SHB Isaiah Scates
|
0-0: Ball 1-0: Swinging Strike 1-1: Called Strike 1-2: Strikes out looking
|
Batting: RHB Hector Fernandez
|
0-0: Ball 1-0: Foul Ball, location: 2F 1-1: Ball Wild Pitch! Eric McMillian to third Edgardo Rivera to second 2-1: Ball 3-1: Called Strike 3-2: Foul Ball, location: 2F 3-2: Base on Balls
|
Batting: RHB Max Stillo
|
0-0: Called Strike 0-1: Ball 1-1: Ball 2-1: Ball 3-1: Swinging Strike 3-2: Base on Balls Eric McMillian scores Edgardo Rivera to third Hector Fernandez to second
|
Pitching: LHP Gonnohyoe Hata
|
|
Batting: RHB Oren Jones
|
0-0: Swinging Strike 0-1: Foul Ball, location: 2F 0-2: Strikes out swinging
|
Bottom of the 3rd over - 3 runs, 2 hits, 0 errors, 3 left on base; Rome 1 - Tri-City 6 |
TOP OF THE 4TH |
Rome Braves batting - Pitching for Tri-City Dust Devils : RHP David Koski
|
Batting: LHB Ricardo Sandoval
|
0-0: Ball 1-0: Ball 2-0: Foul Ball, location: 2F 2-1: Called Strike 2-2: Ball 3-2: Strikes out looking
|
Batting: LHB Tamaichi Sasada
|
0-0: Called Strike 0-1: Ball 1-1: Ball 2-1: Foul Ball, location: 2F 2-2: Fly out, F8 (Flyball, 8LS, EV 93.1 MPH)
|
Batting: SHB Karl Starnes
|
0-0: Ball 1-0: Ball 2-0: Called Strike 2-1: Fly out, F8 (Flyball, 8LS, EV 93.1 MPH)
|
Top of the 4th over - 0 runs, 0 hits, 0 errors, 0 left on base; Rome 1 - Tri-City 6 |
BOTTOM OF THE 4TH |
Tri-City Dust Devils batting - Pitching for Rome Braves : LHP Gonnohyoe Hata
|
Batting: LHB Ramon Vega
|
0-0: Fly out, F8 (Flyball, 8RD, EV 100.0 MPH)
|
Batting: LHB Phil Lerner
|
0-0: Ball 1-0: Called Strike 1-1: Foul Ball, location: 2F 1-2: Ball 2-2: Ball 3-2: Strikes out swinging
|
Batting: RHB Eric McMillian
|
0-0: Ball 1-0: Foul Ball, location: 2F 1-1: Ball 2-1: Foul Ball, location: 2F 2-2: Foul Ball, location: 2F 2-2: Hit by Pitch
|
Batting: LHB Chad Cutler
|
0-0: Ball 1-0: Foul Ball, location: 2F 1-1: Swinging Strike 1-2: Strikes out swinging
|
Bottom of the 4th over - 0 runs, 0 hits, 0 errors, 1 left on base; Rome 1 - Tri-City 6 |
TOP OF THE 5TH |
Rome Braves batting - Pitching for Tri-City Dust Devils : RHP David Koski
|
Batting: RHB Dave Pizarro
|
0-0: SINGLE (Flyball, 3D, EV 87.5 MPH)
|
Batting: RHB Tony Cabrera
|
0-0: Ball 1-0: Ball 2-0: Called Strike Dave Pizarro steals 2nd base 2-1: Swinging Strike 2-2: Ground out 6-3 (Groundball, 6, EV 91.9 MPH) Dave Pizarro to third
|
Pitching: RHP Troy Conners
|
|
Batting: RHB Tetsuro Sato
|
0-0: Called Strike 0-1: Called Strike 0-2: Ball 1-2: Strikes out swinging
|
Batting: RHB Mike Bergin
|
0-0: Swinging Strike 0-1: Ball 1-1: Ground out 3-1 (Groundball, 34, EV 106.9 MPH)
|
Top of the 5th over - 0 runs, 1 hit, 0 errors, 1 left on base; Rome 1 - Tri-City 6 |
BOTTOM OF THE 5TH |
Tri-City Dust Devils batting - Pitching for Rome Braves : LHP Gonnohyoe Hata
|
Batting: RHB Edgardo Rivera
|
0-0: Ground out 4-3 (Groundball, 4, EV 103.8 MPH)
|
Batting: SHB Isaiah Scates
|
0-0: Called Strike 0-1: Foul Ball, location: 2F 0-2: Strikes out swinging
|
Batting: RHB Hector Fernandez
|
0-0: Called Strike 0-1: Ball 1-1: Hit by Pitch
|
Batting: RHB Max Stillo
|
0-0: Called Strike 0-1: Swinging Strike 0-2: Foul Ball, location: 2F 0-2: Ball 1-2: Foul Ball, location: 2F 1-2: Ball 2-2: Strikes out looking
|
Bottom of the 5th over - 0 runs, 0 hits, 0 errors, 1 left on base; Rome 1 - Tri-City 6 |
TOP OF THE 6TH |
Rome Braves batting - Pitching for Tri-City Dust Devils : RHP Troy Conners
|
Batting: RHB Chris Trites
|
0-0: Ball 1-0: Ball 2-0: Swinging Strike 2-1: Ball 3-1: Foul Ball, location: 2F 3-2: Base on Balls
|
Batting: RHB Costantino Dolfini
|
0-0: Ball Chris Trites steals 2nd base 1-0: Foul Ball, location: 2F 1-1: Foul Ball, location: 2F 1-2: Foul Ball, location: 2F 1-2: TRIPLE (Flyball, 8RXD, EV 107.5 MPH) Chris Trites scores
|
Batting: LHB Ricardo Sandoval
|
0-0: Ball 1-0: Foul Ball, location: 2F 1-1: Ball 2-1: Ball 3-1: Called Strike 3-2: Base on Balls
|
Batting: LHB Tamaichi Sasada
|
0-0: Called Strike Ricardo Sandoval steals 2nd base 0-1: Ball 1-1: Called Strike 1-2: Foul Ball, location: 2F 1-2: Fly out, F9 (Flyball, 9S, EV 83.1 MPH)
|
Pitching: RHP Marko Martin
|
|
Batting: SHB Karl Starnes
|
0-0: Ball 1-0: Foul Ball, location: 2F 1-1: Swinging Strike 1-2: Ball 2-2: Strikes out looking
|
Batting: RHB Dave Pizarro
|
0-0: Foul Ball, location: 2F 0-1: Ball 1-1: Fly out, F8 (Flyball, 8LXD, EV 85.0 MPH)
|
Top of the 6th over - 1 run, 1 hit, 0 errors, 2 left on base; Rome 2 - Tri-City 6 |
BOTTOM OF THE 6TH |
Tri-City Dust Devils batting - Pitching for Rome Braves : LHP Gonnohyoe Hata
|
Batting: RHB Oren Jones
|
0-0: Foul Ball, location: 2F 0-1: Ball 1-1: Swinging Strike 1-2: TRIPLE (Flyball, 89XD, EV 91.9 MPH)
|
Pitching: RHP Marvin Rosas
|
|
Batting: LHB Ramon Vega
|
0-0: Ball 1-0: Called Strike 1-1: Swinging Strike 1-2: Strikes out looking
|
Batting: LHB Phil Lerner
|
0-0: Ball 1-0: Ball 2-0: Ball 3-0: Base on Balls
|
Batting: RHB Eric McMillian
|
0-0: Called Strike Phil Lerner is caught stealing 2nd base 2-4 0-1: Ball 1-1: Called Strike 1-2: Ball 2-2: Ball 3-2: Foul Ball, location: 2F 3-2: Foul Ball, location: 2F 3-2: Strikes out swinging
|
Bottom of the 6th over - 0 runs, 1 hit, 0 errors, 1 left on base; Rome 2 - Tri-City 6 |
TOP OF THE 7TH |
Rome Braves batting - Pitching for Tri-City Dust Devils : RHP Marko Martin
|
Batting: RHB Tony Cabrera
|
0-0: Ball 1-0: Ball 2-0: Ball 3-0: Called Strike 3-1: Ground out 6-3 (Groundball, 6, EV 92.5 MPH)
|
Batting: RHB Tetsuro Sato
|
0-0: Called Strike 0-1: Fly out, F7 (Flyball, 7, EV 90.0 MPH)
|
Batting: RHB Mike Bergin
|
0-0: Ball 1-0: Called Strike 1-1: Called Strike 1-2: Hit by Pitch
|
Batting: RHB Chris Trites
|
0-0: Called Strike 0-1: Ground out 4-3 (Groundball, 34, EV 76.2 MPH)
|
Top of the 7th over - 0 runs, 0 hits, 0 errors, 1 left on base; Rome 2 - Tri-City 6 |
BOTTOM OF THE 7TH |
Tri-City Dust Devils batting - Pitching for Rome Braves : RHP Marvin Rosas
|
Batting: LHB Chad Cutler
|
0-0: Called Strike 0-1: SINGLE (Groundball, 34D, EV 108.8 MPH)
|
Batting: RHB Edgardo Rivera
|
0-0: Ball Chad Cutler steals 2nd base 1-0: Ball 2-0: Foul Ball, location: 2F 2-1: Foul Ball, location: 2F 2-2: Foul Ball, location: 2F 2-2: Strikes out looking
|
Batting: SHB Isaiah Scates
|
0-0: Ball 1-0: Called Strike 1-1: Called Strike 1-2: Ball 2-2: Ball 3-2: Base on Balls
|
Batting: RHB Hector Fernandez
|
0-0: Called Strike 0-1: Ball 1-1: Swinging Strike 1-2: Grounds into double play, 3-6-1 (Groundball, 34S, EV 85.0 MPH)
|
Bottom of the 7th over - 0 runs, 1 hit, 0 errors, 1 left on base; Rome 2 - Tri-City 6 |
TOP OF THE 8TH |
Rome Braves batting - Pitching for Tri-City Dust Devils : RHP Marko Martin
|
Batting: RHB Costantino Dolfini
|
0-0: Ball 1-0: Foul Ball, location: 2F 1-1: Ball 2-1: Foul Ball, location: 2F 2-2: Strikes out swinging
|
Batting: LHB Ricardo Sandoval
|
0-0: Called Strike 0-1: Swinging Strike 0-2: Strikes out swinging
|
Batting: LHB Tamaichi Sasada
|
0-0: Called Strike 0-1: Fly out, F9 (Line Drive, 9, EV 85.6 MPH)
|
Top of the 8th over - 0 runs, 0 hits, 0 errors, 0 left on base; Rome 2 - Tri-City 6 |
BOTTOM OF THE 8TH |
Tri-City Dust Devils batting - Pitching for Rome Braves : RHP Marvin Rosas
|
Batting: RHB Max Stillo
|
0-0: Ball 1-0: Ball 2-0: Swinging Strike 2-1: Swinging Strike 2-2: Ground out 6-3 (Groundball, 6, EV 111.2 MPH)
|
Batting: RHB Oren Jones
|
0-0: Called Strike 0-1: Ball 1-1: SINGLE (Groundball, 56D, EV 106.2 MPH)
|
Pitching: RHP Armando Padron
|
|
Batting: LHB Ramon Vega
|
0-0: Called Strike 0-1: Foul Ball, location: 2F 0-2: Ball 1-2: Foul Ball, location: 2F 1-2: Fly out, F8 (Flyball, 8LD, EV 100.0 MPH)
|
Batting: LHB Phil Lerner
|
0-0: Ball 1-0: Ball 2-0: Ball 3-0: Base on Balls Oren Jones to second
|
Batting: RHB Eric McMillian
|
0-0: Foul Ball, location: 2F 0-1: Reached on error, E4 (Groundball, 34, EV 105.0 MPH) Oren Jones to third Phil Lerner to second
|
Batting: LHB Chad Cutler
|
0-0: Ball 1-0: Ball Wild Pitch! Oren Jones scores Phil Lerner to third Eric McMillian to second 2-0: DOUBLE (Line Drive, 7LD, EV 108.8 MPH) Phil Lerner scores Eric McMillian scores
|
Batting: RHB Edgardo Rivera
|
0-0: Ground out 6-3 (Groundball, 6, EV 80.0 MPH)
|
Bottom of the 8th over - 3 runs, 2 hits, 1 error, 1 left on base; Rome 2 - Tri-City 9 |
TOP OF THE 9TH |
Rome Braves batting - Pitching for Tri-City Dust Devils : RHP Marko Martin
|
Batting: SHB Karl Starnes
|
0-0: Called Strike 0-1: Ground out 4-3 (Groundball, 34, EV 98.8 MPH)
|
Batting: RHB Dave Pizarro
|
0-0: Foul Ball, location: 2F 0-1: Ball 1-1: Ball 2-1: Ball 3-1: Called Strike 3-2: Ground out 5-3 (Groundball, 5, EV 96.9 MPH)
|
Batting: RHB Tony Cabrera
|
0-0: Ball 1-0: Foul Ball, location: 2F 1-1: SINGLE (Groundball, 56D, EV 100.0 MPH)
|
Batting: RHB Tetsuro Sato
|
0-0: Called Strike 0-1: Fielders Choice at 2nd, 5-4 (Groundball, 56, EV 86.9 MPH)
|
Top of the 9th over - 0 runs, 1 hit, 0 errors, 1 left on base; Rome 2 - Tri-City 9 |
|